 Dungeon Crawl Stone Soup version 0.16-a0-3467-gfe061fe (webtiles) character file.

1759 Minkie the Carver (level 8, -10/62 HPs)
             Began as a High Elf Fighter on Jan 2, 2015.
             Mangled by an orc warrior
             ... wielding a +0 halberd
              (15 damage)
             ... on level 6 of the Dungeon.
             The game lasted 00:30:41 (6789 turns).

Minkie the Carver (High Elf Fighter)                Turns: 6789, Time: 00:30:41

Health: -10/62     AC: 14    Str: 17    XL:     8   Next: 79%
Magic:  13/13      EV:  2    Int: 11    God:
Gold:   302        SH:  9    Dex: 16    Spells: 0 memorised, 7 levels left

rFire  . . .     SeeInvis .     a - +0 long sword
rCold  . . .     Clarity  +     j - +0 plate armour (curse)
rNeg   . . .     SustAb   .     c - +0 shield
rPois  .         Gourm    .     q - +0 helmet
rElec  .         Spirit   .     t - +0 cloak
rCorr  .         Warding  .     (no gloves)
rMut   .         Stasis   .     K - +0 pair of boots
MR     .....                    D - amulet of clarity
Stlth  ..........               (no ring)
                                (no ring)

@: not resistant to hostile enchantments, extremely unstealthy
A: no striking features
a: no special abilities


You were on level 6 of the Dungeon.
You were hungry.

You visited 1 branch of the dungeon, and saw 6 of its levels.
You also visited: Sewer and Ossuary.

You collected 302 gold pieces.

Inventory:

Hand weapons
 a - a +0 long sword (weapon)
Armour
 c - a +0 shield (worn)
 j - a cursed +0 plate armour (worn)
 q - a +0 helmet (worn)
 t - a +0 cloak (worn)
 K - a +0 pair of boots (worn)
Jewellery
 o - a cursed ring of flight
 u - an uncursed amulet of resist mutation
 D - an amulet of clarity (around neck)
Magical devices
 H - a wand of draining (5)
 O - a wand of cold (6)
Scrolls
 f - 5 scrolls of identify
 l - a scroll of recharging {unknown}
 n - 2 scrolls of immolation
 r - 6 scrolls of remove curse
 x - a scroll of magic mapping {unknown}
 y - a scroll of amnesia {unknown}
 z - 3 scrolls of teleportation {unknown}
 E - 3 scrolls of fear {unknown}
 F - 3 scrolls of random uselessness {unknown}
 G - a scroll of enchant armour {unknown}
 I - a scroll of blinking {unknown}
 L - 3 scrolls of fog
Potions
 b - a potion of magic {unknown}
 e - 2 potions of might
 g - a potion of cancellation
 h - 4 potions of flight
 k - 2 potions of haste {unknown}
 s - 4 potions of poison {unknown}
 v - 2 potions of invisibility
 w - a potion of ambrosia {unknown}
 C - 2 potions of curing
 M - a potion of brilliance {unknown}
 P - a potion of mutation {unknown}
 Q - 2 potions of agility {unknown}
Books
 J - a book of Minor Magic

   Spells                             Type                      Level
   a - Magic Dart                     Conjuration                  1
   b - Blink                          Translocation                2
   c - Call Imp                       Summoning                    2
   d - Repel Missiles                 Charms/Air                   2
   e - Slow                           Hexes                        2
   f - Conjure Flame                  Conjuration/Fire             3
   g - Mephitic Cloud                 Conjuration/Poison/Air       3
 N - a book of Dreams

   Spells                             Type                      Level
   a - Ensorcelled Hibernation        Hexes/Ice                    2
   b - Flight                         Charms/Air                   3
   c - Phase Shift                    Translocation                5
   d - Shadow Creatures               Summoning                    5
   e - Mass Confusion                 Hexes                        6
   f - Darkness                       Hexes                        7
Comestibles
 d - 7 bread rations
 i - 7 meat rations
 m - 4 fruits
 p - 2 royal jellies
 B - a beef jerky


   Skills:
 + Level 8.7 Fighting
 + Level 9.8 Long Blades
 - Level 2.6 Armour
 - Level 2.6 Shields


You had 7 spell levels left.
You didn't know any spells.

Dungeon Overview and Level Annotations

Branches:
Dungeon (6/15)
 Temple: D:4-7

Altars:
Ashenzari
Dithmenos
Elyvilon
Fedhas
Nemelex Xobeh
Ru
Xom
Zin
The Shining One

Shops:
D:6 ((


Message History

* * * LOW HITPOINT WARNING * * *
Drink which item? (? for menu, Esc to quit)
You feel much better.
The orc priest hits you with a falchion.
* * * LOW HITPOINT WARNING * * *
The orc warrior hits you with a halberd.
* * * LOW HITPOINT WARNING * * *
You hit the orc priest but do no damage.
The orc priest is heavily wounded.
You block the orc priest's attack.
The orc warrior hits you with a halberd.
* * * LOW HITPOINT WARNING * * *
You closely miss the orc priest.
The orc priest is heavily wounded.
You hit the orc priest.
The orc priest is severely wounded.
The orc priest hits you with a falchion.
* * * LOW HITPOINT WARNING * * *
The orc warrior hits you with a halberd!
You die...

.#.....#........+ +..........#
.###.###........#+##+#[.........#
o..#.#...####...................#
...###)(..####...(..............#
..........#≈_#.......[##+#......#
#######...##.#........ +......#
#....'.#...... #......#
###...##.#..#'##'##..#......#
##.#...#≈_#))@o'..##..#......#
#..##'#####.o#.##'##..+......#
#..##..###...#.##.##..#......#
##.'...'.....+....##..#......#
##.##'##.....#....##..#......#
#..#.........####.##..#......#
#####.#.......######.##..#......#
....#.#.......#.#........'......#
....'.......).'.'........#......#


You could see an orc warrior and an orc priest.

Vanquished Creatures
  A hungry ghost (D:6)
  A phantom (D:5)
  3 centaurs
  3 big kobolds (Sewer)
  An elf zombie (Ossuary)
  A scorpion (D:5)
  2 crimson imps (D:5)
  A centaur zombie (Ossuary)
  A human zombie (Ossuary)
  A hound (D:3)
  7 orc wizards
  6 orc priests
  2 worker ants
  2 hound skeletons (D:5)
  2 mummies (Ossuary)
  10 adders
  A river rat (Sewer)
  7 gnolls
  4 giant mites (D:5)
  2 worms
  5 oozes
  19 orcs
  9 bats
  7 giant cockroaches
  9 hobgoblins
  6 jackals
  6 kobolds
  5 quokkas
  6 ball pythons
  3 giant geckos
  2 giant newts
  A giant spore (D:6)
  12 goblins
  9 hobgoblin zombies (Ossuary)
  A jackal skeleton (D:5)
  2 jackal zombies (Ossuary)
  13 kobold zombies (Ossuary)
  8 orc zombies (Ossuary)
  A quokka skeleton (D:5)
  16 rats
  A rat zombie (Ossuary)
  A ballistomycete (D:6)
200 creatures vanquished.

Notes
Turn   | Place    | Note
--------------------------------------------------------------
     0 | D:1      | Minkie, the High Elf Fighter, began the quest for the Orb.
     0 | D:1      | Reached XP level 1. HP: 16/16 MP: 2/2
   137 | D:1      | Reached XP level 2. HP: 13/21 MP: 3/3
   694 | D:2      | Reached XP level 3. HP: 11/27 MP: 5/5
  1069 | D:2      | Found a shimmering altar of Xom.
  1792 | D:3      | Found a shadowy altar of Dithmenos.
  1927 | D:3      | Reached skill level 4 in Fighting
  1959 | D:3      | Reached XP level 4. HP: 22/33 MP: 7/7
  2575 | D:3      | Reached XP level 5. HP: 32/38 MP: 8/8
  2613 | D:3      | Reached skill level 5 in Long Blades
  2794 | D:3      | Found a glowing golden altar of the Shining One.
  2794 | D:3      | Found a glowing silver altar of Zin.
  2798 | D:3      | Found a white marble altar of Elyvilon.
  2860 | D:4      | Reached skill level 5 in Fighting
  3003 | D:4      | Found a sacrificial altar of Ru.
  3368 | D:4      | Reached XP level 6. HP: 43/45 MP: 10/10
  3790 | D:5      | Entered Level 5 of the Dungeon
  3931 | D:5      | Reached skill level 6 in Long Blades
  4112 | D:5      | Reached XP level 7. HP: 30/52 MP: 12/12
  4309 | D:5      | Found a glowing drain.
  4332 | Sewer    | Entered a sewer
  4427 | Sewer    | Reached skill level 7 in Long Blades
  4828 | D:5      | Found a sparkling altar of Nemelex Xobeh.
  4839 | D:5      | Reached skill level 8 in Long Blades
  4898 | D:5      | Reached XP level 8. HP: 27/60 MP: 13/13
  5590 | D:6      | Found Otzol's Antique Weapon Boutique.
  6026 | D:6      | Found Sithraf's Antique Weapon Boutique.
  6098 | D:6      | Reached skill level 9 in Long Blades
  6132 | D:6      | Found a sand-covered staircase.
  6193 | Ossuary  | Entered an ossuary
  6375 | Ossuary  | HP: 3/62 [elf zombie (2)]
  6750 | D:6      | Found a shattered altar of Ashenzari.
  6750 | D:6      | Found a blossoming altar of Fedhas.
  6785 | D:6      | HP: 2/62 [orc warrior/halberd (14)]
  6789 | D:6      | Mangled by an orc warrior

Action                   |  1- 3 |  4- 6 |  7- 9 || total
-------------------------+-------+-------+-------++-------
Melee: Long sword        |   149 |   249 |   443 ||   841
  Use: Scroll            |       |     4 |     2 ||     6
       Potion            |       |       |     6 ||     6
  Eat: Chunk             |     3 |     8 |     8 ||    19
       Beef jerky        |       |       |     1 ||     1
